 Dungeon Crawl Stone Soup version 0.28-a0-535-g6f645e4c1d (webtiles) character file.

Game seed: 10481825078129817373

67 speeev33 the Shield-Bearer (level 4, 0/29 HPs)
             Began as a Gargoyle Fighter on Sept 26, 2021.
             Slain by Terence (3 damage)
             ... on level 2 of the Dungeon.
             The game lasted 00:02:28 (2303 turns).

speeev33 the Shield-Bearer (Gargoyle Fighter)       Turns: 2303, Time: 00:02:29

Health: 0/29       AC: 10    Str: 21    XL:     4   Next: 18%
Magic:  4/4        EV:  9    Int:  8    God:
Gold:   0          SH:  4    Dex:  9    Spells: 3/3 levels left

rFire   . . .      SeeInvis .   a - +0 flail
rCold   . . .      Faith    .   c - +0 buckler
rNeg    + . .      Spirit   .   b - +0 scale mail
rPois   ∞          Reflect  .   (no helmet)
rElec   +          Harm     .   (no cloak)
rCorr   .          Rampage  .   (no gloves)
Will    .....                   (no boots)
Stlth   ..........              (no amulet)
HPRegen 0.09/turn               (no ring)
MPRegen 0.09/turn               (no ring)

@: mighty
A: sickness immunity, AC +3, negative energy resistance 1, electricity
resistance, torment resistance 1, petrification resistance
a: no special abilities


You were on level 2 of the Dungeon.
You visited 1 branch of the dungeon, and saw 2 of its levels.

Inventory:

Hand Weapons
 a - a +0 flail (weapon)
Armour
 b - a +0 scale mail (worn)
 c - a +0 buckler (worn)
Scrolls
 f - a scroll of brand weapon {unknown}
Potions
 e - a potion of curing {unknown}


   Skills:
 + Level 3.9 Fighting
 + Level 2.6 Maces & Flails
 + Level 3.9 Armour
 + Level 3.9 Shields


You had 3 spell levels left.
You didn't know any spells.
Your spell library was empty.

Dungeon Overview and Level Annotations

Branches:
Dungeon (2/15)

Altars:

Annotations:
D:2 Terence


Innate Abilities, Weirdness & Mutations

You are immune to sickness and miasma.
Your stone body is resilient. (AC +3)
You are immune to poison.
You resist negative energy. (rN+)
You are resistant to electric shocks. (rElec)
You are resistant to unholy torment.
You are immune to petrification.


Message History

No target in view!
No target in view!
No target in view!
No target in view!
No target in view!
No target in view!
No target in view!
No target in view!
No target in view!
No target in view!
Found 4 silver boomerangs and a plate armour.
Terence the Incautious comes into view.
He is wielding a +4 short sword of distortion.
Found a book of Burglary and 18 gold pieces.
Terence shouts!
You see here 4 silver boomerangs.
You see here a book of Burglary.
You closely miss Terence.
Terence hits you with a +4 short sword of distortion!
You blink.
You closely miss Terence. You block Terence's attack.
You closely miss Terence. You block Terence's attack.
You feel very mighty all of a sudden.
Terence hits you with a +4 short sword of distortion.
Space bends around you.
You closely miss Terence.
Terence hits you with a +4 short sword of distortion.
You blink.
Terence hits you but does no damage. Space bends around you!
You closely miss Terence. You block Terence's attack.
You sock Terence!
Terence is severely wounded.
Terence hits you with a +4 short sword of distortion.
* * * LOW HITPOINT WARNING * * *
Space bends around you.
* * * LOW HITPOINT WARNING * * *
You closely miss Terence.
Terence is severely wounded.
Terence says, "You're history."
Terence hits you with a +4 short sword of distortion.
You die...

#. #. #.# #
..# #.#.$#
...#
#.########.#
#.@.........
#@#####.....
##.#####.####
#[...:...#
#.(#####.#
#......#
###..###.#
#.....##.#
#(....##.#


You could see Terence.

Vanquished Creatures
  Jessica (D:2)
  A bat (D:1)
  7 endoplasms
  2 goblins (D:1)
  4 hobgoblins
  8 jackals (D:1)
  3 quokkas (D:1)
  4 ball pythons
  A frilled lizard (D:1)
  3 kobolds (D:1)
  A rat (D:1)
35 creatures vanquished.

Notes
Turn   | Place    | Note
-------+----------+-------------------------------------------
     0 | D:1      | speeev33 the Gargoyle Fighter began the quest for the Orb.
     0 | D:1      | Reached XP level 1. HP: 14/14 MP: 1/1
     6 | D:1      | Noticed a lindwurm
     6 | D:1      | Noticed a hound
     6 | D:1      | Noticed a scorpion
     7 | D:1      | Noticed a black bear
     7 | D:1      | Noticed an iguana
   125 | D:1      | Found a faded altar of an unknown god.
   185 | D:1      | Upgraded the game from 0.28-a0-533-g9f97627e2a to
                  | 0.28-a0-535-g6f645e4c1d
   197 | D:1      | Reached XP level 2. HP: 15/19 MP: 2/2
  1089 | D:1      | Reached XP level 3. HP: 7/23 MP: 3/3
  2012 | D:2      | Noticed Jessica
  2026 | D:2      | Killed Jessica
  2027 | D:2      | Reached XP level 4. HP: 9/29 MP: 4/4
  2286 | D:2      | Noticed Terence
  2303 | D:2      | Slain by Terence

Illustrated notes

Levels and vault maps discovered:
D:1:      onia_arrival_zoo_common, layout_loops_corners, serial_rivers,
          chequers_serial_rivers_large_a, chequers_serial_rivers_small_b,
          chequers_serial_rivers_room_a, chequers_serial_rivers_room_b,
          basic_ecumenical_altar
D:2:      layout_loops_ring, uniq_jessica, uniq_terence

Action                   |  1- 3 |  4- 6 || total
-------------------------+-------+-------++-------
Melee: Flail             |   125 |    10 ||   135
  Use: Scroll            |     1 |       ||     1
       Potion            |       |     1 ||     1
Armor: Scale mail        |    57 |     1 ||    58
Dodge: Dodged            |    63 |     2 ||    65
Block: Buckler           |    37 |     4 ||    41

Table legend: (Time is in decaauts)
 A = Elapsed time spent in this place.
 B = Non-inter-level travel time spent in this place.
 C = Inter-level travel time spent in this place.
 D = Time resting spent in this place.
 E = Time spent auto-exploring this place.
 F = Levels seen in this place.
 G = Mean time per level.
                   A        B        C        D        E       F      G
               +--------+--------+--------+--------+--------+-----+--------+
         Total |   2356 |   2318 |     38 |    891 |   1052 |   2 | 1178.0 |
       Dungeon |   2356 |   2318 |     38 |    891 |   1052 |   2 | 1178.0 |
               +--------+--------+--------+--------+--------+-----+--------+

Top non-repeatable levels by time:
     D:1: 2027 daAuts
     D:2: 329 daAuts
